 Dungeon Crawl Stone Soup version 0.16-a0-778-g0731923 (console) character file.

926 Kellhus the Conjurer (level 7, 30/41 HPs)
             Began as a High Elf Wizard on Sept 25, 2014.
             Quit the game on Level 5 of the Dungeon.
             The game lasted 00:09:15 (4885 turns).

Kellhus the Conjurer (High Elf Wizard)              Turns: 4885, Time: 00:09:16

HP  30/41        AC  4     Str  6      XL: 7   Next: 85%
MP  17/23        EV 12     Int 21 (24) God:
Gold 269         SH  0     Dex 14      Spells:  3 memorised, 12 levels left

rFire  . . .     SeeInvis +     j - +2 dagger (venom)
rCold  . . .     Clarity  .     r - +1 robe
rNeg   . . .     rCorr    .     (no shield)
rPois  .         rRot     .     b - +0 hat
rElec  .         Spirit   .     (no cloak)
SustAb .         Warding  .     e - +0 pair of gloves
rMut   .         Stasis   .     (no boots)
Gourm  .                        (no amulet)
MR     .....                    (no ring)
                                m - ring of see invisible

@: not resistant to hostile enchantments, unstealthy
A: no striking features
a: no special abilities


You were on level 5 of the Dungeon.
You were not hungry.

You visited 1 branch of the dungeon, and saw 5 of its levels.

You collected 269 gold pieces.

Inventory:

Hand weapons
 j - a +2 dagger of venom (weapon)
 w - a +0 lajatang
Armour
 a - a +0 robe
 b - a +0 hat (worn)
 e - a +0 pair of gloves (worn)
 g - a +0 leather armour of positive energy
 r - a +1 robe (worn)
Comestibles
 d - 4 bread rations
 o - a beef jerky
 q - a slice of pizza
 u - 3 fruits
 A - 2 rotting chunks of goblin flesh
Scrolls
 h - a scroll of enchant armour {unknown}
 l - 2 scrolls of remove curse {unknown}
 s - 3 scrolls of identify {unknown}
 v - a scroll of enchant weapon {unknown}
Jewellery
 m - a ring of see invisible (left hand)
Potions
 f - a potion of might
 i - 2 potions of magic {unknown}
 k - a potion of haste
 n - 2 potions of curing {unknown}
 p - a potion of lignification
 t - a potion of porridge
 x - a potion of cure mutation {unknown}
 z - a potion of mutation {unknown}
Books
 c - a book of Minor Magic

   Spells                             Type                      Level
   *Magic Dart                        Conjuration                  1
   Blink                              Translocation                2
   Call Imp                           Summoning                    2
   Repel Missiles                     Charms/Air                   2
   Slow                               Hexes                        2
   *Conjure Flame                     Conjuration/Fire             3
   *Mephitic Cloud                    Conjuration/Poison/Air       3


   Skills:
 - Level 2.1 Dodging
 - Level 2.1 Stealth
 - Level 6.6 Spellcasting
 + Level 8.1 Conjurations
   Level 0.8 Summonings
   Level 1.1 Translocations


You had 12 spell levels left.
You knew the following spells:

 Your Spells              Type           Power        Failure   Level  Hunger
a - Magic Dart            Conj           ####         1%          1    None
b - Conjure Flame         Conj/Fire      ###.....     6%          3    #......
c - Mephitic Cloud        Conj/Pois/Air  ###.....     12%         3    #......


Dungeon Overview and Level Annotations

Branches:
Dungeon (5/15)             Temple (0/1) D:5

Altars:
Cheibriados
Dithmenos
Fedhas
Makhleb
Zin


Message History

Confirm with . or Enter, or press ? or * to list all spells.
Aiming: Magic Dart
Press: ? - help, Shift-Dir - straight line, f/p - hobgoblin
Aim: a hobgoblin (almost dead)
The magic dart hits the hobgoblin.
You kill the hobgoblin!
Casting: Magic Dart
Confirm with . or Enter, or press ? or * to list all spells.
You can't see any susceptible monsters within range! (Use Z to cast anyway.)
Things that are here:
a short sword; an orc corpse You now have 255 gold pieces (gained 10).
You now have 269 gold pieces (gained 14).
An iguana comes into view.
The iguana hisses angrily.
Found a stone staircase leading down.
A hobgoblin comes into view. It is wielding a club.
There are monsters nearby!
There are monsters nearby!
Are you sure you want to abandon this character and quit the game? (Confirm with "yes".)

#.P.P..#
#......#
##.###.#
#.....#
#####.#
#.# #.#
#.# #@#
g.l......#
#########


You could see an iguana and a hobgoblin (wandering).

Vanquished Creatures
  A phantom (D:4)
  A sky beast (D:5)
  An ogre (D:3)
  Blork the orc (D:4)
  2 hounds (D:4)
  3 iron imps (D:3)
  4 orc wizards
  A centaur skeleton (D:4)
  An orc priest (D:3)
  3 worker ants (D:4)
  Jessica (D:2)
  A gnoll (D:1)
  8 adders
  A giant mite (D:2)
  3 worms
  An adder skeleton (D:4)
  3 giant geckos
  15 orcs
  A ball python (D:2)
  5 giant cockroaches
  9 goblins
  8 hobgoblins
  9 jackals
  5 kobolds
  5 bats
  8 giant newts
  2 kobold skeletons (D:4)
  3 quokkas
  14 rats
120 creatures vanquished.

Notes
Turn   | Place    | Note
--------------------------------------------------------------
     0 | D:1      | Kellhus, the High Elf Wizard, began the quest for the Orb.
     0 | D:1      | Reached XP level 1. HP: 11/11 MP: 5/5
   201 | D:1      | Reached XP level 2. HP: 17/17 MP: 2/7
   702 | D:1      | Reached XP level 3. HP: 21/21 MP: 2/10
  1025 | D:2      | Reached skill level 4 in Conjurations
  1303 | D:2      | Reached XP level 4. HP: 27/27 MP: 7/13
  1346 | D:2      | Noticed Jessica
  1351 | D:2      | Killed Jessica
  1454 | D:2      | Found a snail-covered altar of Cheibriados.
  1671 | D:2      | Reached skill level 5 in Conjurations
  1934 | D:3      | Noticed an orc warrior
  1951 | D:2      | Learned a level 3 spell: Conjure Flame
  1955 | D:2      | Learned a level 3 spell: Mephitic Cloud
  2005 | D:3      | Noticed an ogre
  2557 | D:3      | Reached XP level 5. HP: 31/31 MP: 9/14
  2888 | D:3      | Reached skill level 6 in Conjurations
  3009 | D:3      | Found a shadowy altar of Dithmenos.
  3070 | D:3      | Reached XP level 6. HP: 29/36 MP: 12/17
  3115 | D:3      | Found a burning altar of Makhleb.
  3124 | D:3      | Found a glowing silver altar of Zin.
  3132 | D:3      | Killed an ogre
  3132 | D:3      | Reached skill level 7 in Conjurations
  3629 | D:4      | Found a blossoming altar of Fedhas.
  3657 | D:4      | Noticed Blork the orc
  3665 | D:4      | Killed Blork the orc
  3665 | D:4      | Reached skill level 5 in Spellcasting
  3665 | D:4      | Reached XP level 7. HP: 33/41 MP: 9/21
  4837 | D:5      | Entered Level 5 of the Dungeon
  4856 | D:5      | Reached skill level 8 in Conjurations
  4864 | D:5      | Found a staircase to the Ecumenical Temple.
  4885 | D:5      | Quit the game

Action                   |  1- 3 |  4- 6 |  7- 9 || total
-------------------------+-------+-------+-------++-------
Melee: Dagger            |       |    13 |       ||    13
 Cast: Magic Dart        |    72 |   160 |   105 ||   337
       Mephitic Cloud    |       |     7 |     1 ||     8
       Conjure Flame     |       |       |     1 ||     1
  Use: Potion            |       |     5 |       ||     5
  Eat: Chunk             |     1 |     8 |     3 ||    12
